 Dungeon Crawl Stone Soup version 0.22.1-5-g62c59d919a (webtiles) character file.

111 NochnoyZador the Skirmisher (level 4, -5/49 HPs)
             Began as a Troll Monk on Jan 12, 2019.
             Slain by a gnoll
             ... wielding a +0 halberd
              (11 damage)
             ... on level 3 of the Dungeon.
             The game lasted 00:05:28 (1593 turns).

NochnoyZador the Skirmisher (Troll Monk)            Turns: 1593, Time: 00:05:28

Health: -5/49      AC:  5    Str: 19    XL:     4   Next: 62%
Magic:  3/3        EV: 10    Int:  6    God:
Gold:   126        SH:  0    Dex: 13    Spells: 3/3 levels left

rFire    . . .     SeeInvis .     - Unarmed
rCold    . . .     Gourm    +   (no shield)
rNeg     . . .     Faith    .   a - +0 robe
rPois    .         Spirit   .   (helmet restricted)
rElec    .         Reflect  .   (no cloak)
rCorr    .         Harm     .   (gloves unavailable)
MR       .....                  (boots unavailable)
Stlth    ++........             (no amulet)
HPRegen  0.56/turn              (no ring)
MPRegen  0.08/turn              (no ring)

@: no status effects
A: large, unfitting armour, claws 3, fast metabolism 3, gourmand, regeneration
1, shaggy fur 1, tough skin 2
a: no special abilities


You were on level 3 of the Dungeon.
You were completely stuffed.

You visited 1 branch of the dungeon, and saw 3 of its levels.

You collected 126 gold pieces.

Inventory:

Missiles
 e - 50 stones (quivered)
 f - 25 sling bullets
Armour
 a - a +0 robe (worn)
 h - a +0 shield
Jewellery
 j - an uncursed ring of flight {unknown}
Scrolls
 c - 2 scrolls of amnesia {unknown}
 d - 3 scrolls of identify {unknown}
 g - 3 scrolls of teleportation {unknown}
 k - a scroll of magic mapping {unknown}
Potions
 i - a potion of heal wounds {unknown}
Comestibles
 b - 7 rations
 l - 2 chunks of flesh


   Skills:
 * Level 4.5 Fighting
 - Level 2.4 Dodging
 - Level 1.0 Stealth
 - Level 3.0 Unarmed Combat


You had 3 spell levels left.
You didn't know any spells.
Your spell library contained the following spells:

 Spells                   Type           Power        Failure   Level  Hunger
 Confusing Touch          Hex            #.....       45%         1    ##.....
 Confuse                  Hex            #.......     83%         3    ####...
 Gell's Gravitas          Tloc           #.........   83%         3    ####...
 Petrify                  Tmut/Erth      #.......     99%         4    #####..
 Metabolic Englaciation   Hex/Ice        #.........   100%        5    ######.
 Yara's Violent Unravell  Hex/Tmut       #.........   100%        5    ######.


Dungeon Overview and Level Annotations

Branches:
Dungeon (3/15)

Altars:


Innate Abilities, Weirdness & Mutations

You are too large for most types of armour.
You have claws for hands.
Your metabolism is lightning-fast.
You like to eat raw meat.
Your natural rate of healing is unusually fast.
You are covered in fur. (AC +1)
You have very tough skin. (AC +2)


Message History

The gnoll closely misses you.
The gnoll hits you from afar with a halberd.
You scratch the gnoll.
The gnoll is heavily wounded.
The gnoll barely misses you. The gnoll misses you.
You barely miss the gnoll.
The gnoll is heavily wounded.
The gnoll closely misses you.
You claw the gnoll!
You kill the gnoll!
The gnoll hits you from afar with a halberd!
* * * LOW HITPOINT WARNING * * *
The gnoll barely misses you.
Items here: $ )) †† a whip; 12 gold pieces; a spear; a gnoll corpse x2
You closely miss the gnoll. The gnoll barely misses you.
You scratch the gnoll.
The gnoll is moderately wounded.
The gnoll hits you with a halberd!
You die...

#.# #...
.. #.# ###
. #.# #.#
##.## ####
#...#
###....
##..#
##....
##.####..#
#...@g..#
######..#
#..# #..#
#..g...g..
##.#.###.#
#..... ###
###


You could see a gnoll.

Vanquished Creatures
  Terence (D:2)
  3 gnolls (D:3)
  3 worms (D:2)
  A dart slug (D:1)
  2 leopard geckos
  4 bats
  2 giant cockroaches
  5 goblins
  6 hobgoblins
  6 kobolds
  A quokka (D:2)
  5 frilled lizards
  8 rats
47 creatures vanquished.

Notes
Turn   | Place    | Note
-------+----------+-------------------------------------------
     0 | D:1      | NochnoyZador the Troll Monk began the quest for the Orb.
     0 | D:1      | Reached XP level 1. HP: 22/22 MP: 0/0
   129 | D:1      | Reached XP level 2. HP: 29/29 MP: 1/1
   131 | D:1      | Reached skill level 3 in Fighting
   206 | D:1      | You fall through a shaft!
   307 | D:2      | Noticed Terence
   316 | D:2      | Killed Terence
   316 | D:2      | Reached XP level 3. HP: 35/39 MP: 2/2
   555 | D:2      | Reached skill level 4 in Fighting
   924 | D:2      | Reached XP level 4. HP: 48/48 MP: 3/3
  1593 | D:3      | Slain by a gnoll

Skill      XL: |  1  2  3 |
---------------+----------+-----
Fighting       | 3 4 |  4.5
Dodging        | |  2.4
Stealth        | |  1.0
Unarmed Combat | |  3.0

Action                   |  1- 3 |  4- 6 || total
-------------------------+-------+-------++-------
Melee: Unarmed           |    93 |    53 ||   146
       Punch             |       |     1 ||     1
 Stab: Sleeping          |     2 |     1 ||     3
  Eat: Chunk             |    13 |     7 ||    20
Armor: Robe              |    25 |    10 ||    35
Dodge: Dodged            |    42 |    34 ||    76
